 Dungeon Crawl Stone Soup version 0.19-a0-1071-g4ed3155 (webtiles) character file.

40 4thArraOfDagon the Chopper (level 3, -3/31 HPs)
             Began as a Minotaur Berserker on Aug 5, 2016.
             Was a Follower of Trog.
             Slain by an orc
             ... wielding a +0 hand axe
              (6 damage)
             ... on level 6 of the Dungeon.
             The game lasted 00:02:15 (487 turns).

4thArraOfDagon the Chopper (Minotaur Berserker)      Turns: 487, Time: 00:02:15

Health: -3/31      AC:  6    Str: 21 (22) XL:     3   Next: 30%
Magic:  2/2        EV: 10    Int:  8 (9)  God:    Trog [*.....]
Gold:   36         SH:  0    Dex:  6 (9)  Spells: 0 memorised, 2 levels left

rFire  . . .     SeeInvis .     a - +0 hand axe
rCold  . . .     Gourm    .     i - +0 scale mail
rNeg   . . .     Faith    .     (no shield)
rPois  .         Spirit   .     (helmet restricted)
rElec  .         Dismiss  .     (no cloak)
rCorr  .         Reflect  .     (no gloves)
SustAt .         Harm     .     (no boots)
MR     .....                    (no amulet)
Stlth  ..........               (no ring)
                                (no ring)

@: brilliant, exhausted, very slightly contaminated, hasted and slowed
A: retaliatory headbutt, horns 2
a: Berserk, Burn Spellbooks, Renounce Religion


You were on level 6 of the Dungeon.
You worshipped Trog.
Trog was aware of your devotion.
You were hungry.

You visited 1 branch of the dungeon, and saw 5 of its levels.

You collected 36 gold pieces.

Inventory:

Hand Weapons
 a - a +0 hand axe (weapon)
Armour
 b - a +0 animal skin
 i - a +0 scale mail (worn)
Wands
 k - a wand of flame (24/48)
Scrolls
 h - 2 scrolls of identify {unknown}
 j - a scroll of fog {unknown}
Potions
 f - a potion of brilliance
Comestibles
 c - a bread ration
 g - a beef jerky


   Skills:
 - Level 3.6 Fighting
 * Level 4.8 Axes
 + Level 3.3 Armour
 - Level 2.1 Dodging


You had 2 spell levels left.
You didn't know any spells.

Dungeon Overview and Level Annotations

Branches:
Dungeon (6/15)
 Temple: D:4-7

Altars:
Sif Muna

Annotations:
D:6 Grinder


Innate Abilities, Weirdness & Mutations

You reflexively headbutt those who attack you in melee.
You have a pair of horns on your head.


Message History

Unknown command.
The orc hits you but does no damage.
Grinder blinks!
Unknown command.
The orc barely misses you. The orc hits you with a hand axe.
* * * LOW HITPOINT WARNING * * *
Unknown command.
Unknown command.
It was a potion of haste.
You feel yourself speed up. The orc hits you but does no damage. x2
You are very lightly contaminated with residual magic.
It was a potion of brilliance.
You feel clever all of a sudden.
It was a potion of degeneration.
There was something very wrong with that liquid.
You feel weakened.
You feel dopey.
You feel clumsy. The orc hits you with a hand axe.
* * * LOW HITPOINT WARNING * * *
Unknown command.
The orc hits you with a hand axe.
You die...

#......## #..._...####
#......(...# ##...(......#
#..####.....# #
########.### .....# ###
#........5.# .....# ..#
#.........o###.....#
..#####.........@#.........
...........................
..#####..........#.........
##...............#.......
##...............#.......
##.....###########.......
######## .>##+## #.# .#


You could see Grinder and an orc.

Vanquished Creatures
  Ijyb (D:3)
  An adder (D:3)
  A giant cockroach (D:3)
  A hobgoblin (D:1)
  2 ball pythons
  A giant newt (D:2)
  2 goblins (D:1)
  A kobold (D:1)
  A rat (D:1)
11 creatures vanquished.

Notes
Turn   | Place    | Note
-------+----------+-------------------------------------------
     0 | D:1      | 4thArraOfDagon the Minotaur Berserker began the quest for the Orb.
     0 | D:1      | Reached XP level 1. HP: 19/19 MP: 0/0
   289 | D:1      | ROTFL
   334 | D:2      | no exp
   334 | D:2      | no items
   334 | D:2      | 400turns behind
   334 | D:2      | stll d:2
   343 | D:3      | Noticed Ijyb
   349 | D:3      | Reached skill level 4 in Axes
   349 | D:3      | Reached XP level 2. HP: 26/26 MP: 1/1
   353 | D:3      | Killed Ijyb
   353 | D:3      | Reached XP level 3. HP: 31/31 MP: 2/2
   402 | D:3      | You fall through a shaft for 2 floors!
   402 | D:5      | Entered Level 5 of the Dungeon
   457 | D:6      | Found a deep blue altar of Sif Muna.
   460 | D:6      | Noticed Grinder
   487 | D:6      | Slain by an orc

Vault maps used:
D:1:      lemuel_arrival_tunnels
D:2:      lemuel_coloured_pillars_altar, ecumenical_altar_1,
          nemelex_spade_bored_becter
D:3:      uniq_iyjb, uniq_jessica
D:5:      first_bread
D:6:      tgw_fedhas, basic_altar, uniq_crazy_yiuf_cottage, uniq_grinder,
          uniq_pikel, uniq_menkaure

Skill      XL: |  1 |
---------------+----+-----
Axes           | 4 |  4.8
Armour         | 3 |  3.3
Fighting       | |  3.6
Dodging        | |  2.1

Action                   || total
-------------------------++-------
Melee: Hand axe          ||    24
       Headbutt          ||     2
Invok: Berserk           ||     2
  Use: Potion            ||     3
Armor: Animal skin       ||     7
       Scale mail        ||     4
Dodge: Dodged            ||    19
